Map: Deathaura LE

Players

Solar

  • Race: Zerg Zerg
  • Spawn Location: 11:00

Clem - Winner!

  • Race: Terran Terran
  • Spawn Location: 5:00

Event: IEM Katowice 2021

VOD

Have the link to the VOD?

Description

Time

  • Played on: Feb. 22, 2021, 12:55 p.m.
  • Length: 5:22

All games in this series

Show
View Real Time Build Order
Export as new Build Order

Solar Zerg 

Build Orders: Hatch First 

Get SALT Encoding   

  12  0:00  Drone  
  13  0:12  Overlord  
  13  0:17  Drone  
  14  0:31  Drone x2  
  16  0:47  Hatchery  
  15  0:51  Drone  
  15  0:54  Drone  
  17  0:58  Drone  
  18  1:08  Extractor  
  17  1:14  Spawning Pool  
  17  1:16  Drone  
  17  1:20  Drone  
  18  1:28  Drone  
  19  1:39  Drone  
  20  1:51  Drone  
  21  2:01  Queen  
  23  2:02  Zergling x4, Queen  
  27  2:11  Overlord  
  27  2:12  Drone  
  28  2:22  Hatchery  
  27  2:24  Drone  
  28  2:30  Drone  
  28  2:31  Spore Crawler  
  29  2:37  Queen  
  29  2:42  Metabolic Boost  
  31  2:45  Drone  
  31  2:49  Overlord  
  31  2:50  Drone  
  33  2:54  Drone  
  33  2:56  Drone  
  33  2:58  Drone  
  36  3:08  Drone x2  
  36  3:09  Drone x3  
  41  3:16  Queen  
  43  3:21  Overlord  
  43  3:25  Drone  
  43  3:26  Overlord  
  44  3:33  Queen  
  46  3:35  Drone  
  47  3:41  Drone x2  
  47  3:42  Zergling x2  
  47  3:43  Drone x3  
  47  3:45  Zergling x4  
  55  3:50  Drone  
  55  3:53  Drone  
  55  3:54  Queen  
  58  3:57  Drone  
  58  3:59  Drone x2  
  58  4:02  Overlord  
  61  4:04  Drone  
  61  4:07  Drone  
  63  4:14  Zergling x2, Overlord  
  64  4:18  Evolution Chamber, Overlord  
  64  4:19  Evolution Chamber  
  64  4:21  Spore Crawler  
  61  4:24  Queen  
  61  4:27  Drone x2, Spore Crawler  
  61  4:28  Extractor  
  61  4:29  Zergling x2  
  64  4:34  Drone x3  
  64  4:37  Zergling x4  
  69  4:39  Overlord  
  69  4:42  Drone  
  69  4:44  Drone  
  71  4:47  Drone x2  
  71  4:49  Overlord  
  73  4:54  Overlord  
  73  4:59  Zergling x4  
  73  5:01  Zergling x2  
  73  5:04  Zergling x6  
Show
View Real Time Build Order
Export as new Build Order

Clem Terran - Winner!

Build Orders: Hellion Opening, Reaper Expand 

Get SALT Encoding   

  12  0:00  SCV  
  13  0:12  SCV  
  14  0:17  Supply Depot  
  14  0:24  SCV  
  15  0:38  SCV  
  15  0:39  Barracks  
  16  0:44  Refinery  
  16  0:50  SCV  
  17  1:03  SCV  
  18  1:15  SCV  
  19  1:26  Reaper  
  19  1:27  Orbital Command  
  20  1:38  Command Center  
  20  1:46  Supply Depot  
  20  1:52  SCV  
  21  1:58  Marine  
  22  2:04  SCV  
  23  2:11  Factory  
  23  2:12  Refinery  
  23  2:16  SCV  
  23  2:21  Barracks Reactor  
  24  2:29  SCV  
  25  2:41  SCV  
  26  2:52  Orbital Command  
  26  2:55  SCV  
  26  2:56  Starport  
  27  3:01  Hellion x2  
  31  3:07  SCV  
  31  3:08  Barracks Tech Lab  
  32  3:15  Supply Depot  
  32  3:18  SCV  
  32  3:19  SCV  
  34  3:23  Hellion x2  
  38  3:30  SCV  
  38  3:32  SCV, Viking  
  42  3:36  Marauder  
  42  3:39  Supply Depot  
  44  3:42  SCV  
  44  3:44  SCV  
  44  3:48  Hellion  
  48  3:50  Hellion  
  48  3:54  SCV  
  51  3:56  Concussive Shells  
  51  3:57  Marauder  
  53  4:04  Medivac  
  53  4:05  Armory  
  53  4:08  Supply Depot  
  55  4:10  SCV  
  55  4:14  Hellion  
  58  4:17  Hellion  
  58  4:20  SCV  
  58  4:22  Marine  
  62  4:29  SCV  
  62  4:30  Supply Depot  
  63  4:32  SCV  
  63  4:36  Liberator  
  67  4:40  Hellion  
  67  4:41  SCV  
  70  4:51  SCV  
  70  4:52  Hellion  
  73  4:53  SCV  
  73  4:57  Marine  
  75  5:00  Command Center  
  75  5:03  SCV  
  75  5:05  SCV  
  77  5:18  Barracks x2  

Tags
 
Add a new tag
Caveats
  • Supply blocks, unpowered buildings, or Contaminate may cause inaccurate times.
  • Supply counts are checked every 10 seconds.